 Dungeon Crawl Stone Soup version 0.31-a0-986-g5e6e4ef867 (webtiles) character file.

Game seed: 10073923562745456992

4179 BigDaddyOpFi the Mimic (level 10, -1/86 HPs)
             Began as a Troll Shapeshifter on Nov 16, 2023.
             Was an Elder of Hepliaklqana.
             Slain by a gnoll sergeant
             ... wielding a +0 spear
              (4 damage)
             ... on level 8 of the Dungeon.
             The game lasted 00:13:16 (8545 turns).

BigDaddyOpFi the Mimic (Troll Shapeshifter)         Turns: 8545, Time: 00:13:16

Health: -1/86      AC:  8    Str: 28    XL:     10   Next: 8%
Magic:  12/12      EV: 10    Int:  6    God:    Hepliaklqana [****..]
Gold:   427        SH:  0    Dex:  9    Spells: 9/9 levels left

rFire   . .          .
                       - Unarmed
rCold   . . .        (shield currently unavailable)
rNeg    . . .        g - +2 troll leather armour {Pargi}
rPois   .            (helmet restricted)
rElec   .            (no cloak)
rCorr   .            (gloves unavailable)
SInv    +            (boots unavailable)
Will    .....        (no amulet)
Stlth   +            p - ring of see invisible
HPRegen 1.94/turn    (no ring)
MPRegen 0.13/turn

%: no passive effects
@: flux-form, glowing
A: glow, contaminating, reduced essence, large, unfitting armour, claws 3,
regeneration 1, shaggy fur 2, tough skin 1, wild magic 1
a: Begin Untransformation, Renounce Religion, Recall Ancestor, Ancestor
Identity, Transference, Idealise


You were on level 8 of the Dungeon.
You worshipped Hepliaklqana.
Hepliaklqana was greatly pleased with you.
You were something dangerously unstable.
You visited 1 branch of the dungeon, and saw 9 of its levels.

You collected 427 gold pieces.

Inventory:

Hand Weapons
 e - a +0 heavy giant spiked club
 h - a +0 battleaxe
 x - a +1 hand axe of distortion
Missiles
 u - 12 darts of dispersal
Armour
 g - a +2 troll leather armour (worn) {Pargi}
 j - an orb of energy
 l - a +0 tower shield
Jewellery
 p - a ring of see invisible (left claw)
Talismans
 c - a beast talisman
 d - a flux talisman (active)
 y - a blade talisman
Wands
 k - a wand of charming (22)
 w - a wand of polymorph (14)
 z - a wand of flame (25)
 A - a wand of mindburst (13)
Scrolls
 a - a scroll of vulnerability
 b - a scroll of teleportation
 m - 2 scrolls of identify
 o - a scroll of amnesia
 q - a scroll of fear
 s - a scroll of brand weapon
 v - a scroll of poison
Potions
 f - a potion of ambrosia {unknown}
 i - 2 potions of brilliance
 n - 3 potions of curing {unknown}
 r - 2 potions of haste {unknown}
 t - a potion of might


   Skills:
 + Level 5.0 Fighting
 + Level 5.3 Dodging
 + Level 6.7 Unarmed Combat
 + Level 4.6 Invocations
 * Level 8.5 Shapeshifting


You had 9 spell levels left.
You didn't know any spells.
Your spell library contained the following spells:

 Spells                   Type           Power      Damage    Failure   Level
 Necrotise                Necr           0%         1d4       58%         1
 Shock                    Conj/Air       0%         1d3       58%         1
 Blink                    Tloc           0%         N/A       71%         2
 Cigotuvi's Dreadful Rot  Necr/Pois/Air  0%         N/A       71%         2
 Lesser Beckoning         Tloc           0%         N/A       71%         2
 Momentum Strike          Conj/Tloc      0%         3d8       71%         2
 Swiftness                Air            0%         N/A       90%         3
 Airstrike                Air            0%         2d(0-16)  100%        4
 Yara's Violent Unravell  Hex/Tmut       0%         3d3       100%        5
 Death Channel            Necr           0%         N/A       100%        6
 Simulacrum               Ice/Necr       0%         N/A       100%        6


Dungeon Overview and Level Annotations

Branches:
Dungeon (9/15)             Temple (0/1) D:5
   Lair: D:8-11         Orc: D:9-12

Altars:
Cheibriados
Fedhas
Gozag
Hepliaklqana
Makhleb
Nemelex Xobeh
Okawaru
Qazlal
Sif Muna
Trog
Uskayaw
Wu Jian
Yredelemnul
Zin

Shops:
D:5 (


Innate Abilities, Weirdness & Mutations

You are something dangerously unstable.
You glow with magical radiation, making you easy to see and hit.
Foes you strike become dangerously contaminated with magical radiation.
You are incapable of wielding weapons or throwing items.
Your life essence is reduced to manifest your ancestor. (-10% HP)
You are too large for most types of armour.
You have claws for hands.
Your natural rate of healing is unusually fast.
You are covered in thick fur. (AC +2)
You have tough skin. (AC +1)
Your spells are a little harder to cast, but a little more powerful.


Message History

The gnoll hits something but does no damage.
The gnoll closely misses you.
The gnoll hits you with a +2 heavy flail!
The gnoll barely misses you.
You claw the gnoll!
You kill the gnoll!
The gnoll hits something but does no damage.
The gnoll barely misses you.
You swap places.
The gnoll attacks as it pursues you!
The gnoll hits you from afar with a +0 halberd.
The gnoll closely misses you. The gnoll barely misses you.
The gnoll hits you with a +0 spear. The gnoll sergeant barely misses you.
You see here a +2 heavy flail.
You claw the gnoll!
The gnoll begins to glow.
The gnoll is severely wounded.
The gnoll hits you from afar with a +0 halberd!
The gnoll hits you but does no damage. The gnoll hits you with a +0 flail.
The gnoll hits you but does no damage.
The gnoll splashes around in the water.
The gnoll sergeant hits you from afar with a +0 spear.
You scratch the gnoll.
You kill the gnoll!
The gnoll hits you from afar with a +0 spear!
The gnoll hits you from afar with a +0 halberd!
The gnoll sergeant hits you from afar with a +0 spear.
The gnoll barely misses you. x2; The gnoll closely misses you.
Things that are here:
a +0 spear; a gnoll corpse You closely miss the gnoll.
The gnoll sergeant hits you from afar with a +0 spear!
* * * LOW HITPOINT WARNING * * *
Imgur-Sin barely misses the gnoll.
The gnoll hits you with a +0 spear.
* * * LOW HITPOINT WARNING * * *
The gnoll hits you with a +0 halberd!
* * * LOW HITPOINT WARNING * * *
You claw the gnoll!
The gnoll begins to glow.
The gnoll is almost dead.
The gnoll hits you with a +0 flail.
* * * LOW HITPOINT WARNING * * *
The gnoll sergeant hits you from afar with a +0 spear.
You die...

......g..........#
.####.))##.......#
.#..+.$.##.......#
.#.##...##.......#
....+....'...>...#
.#....##.#.......#
.#..8..###.......#
........##....ggg#
..8.....##.|...gp#
.....>..##...###R#
..8.....#####.~g##
........# #...~..#
.#..8..## #...≈..#
......## +..#≈#.#
.....#. #..#≈ .#
...## # #? #≈ .#
.... # ## .#


You could see the friendly Imgur-Sin the knight, a gnoll sergeant and 4 gnolls.

Vanquished Creatures
  A two-headed ogre (D:8)
  Jeremiah (D:7)
  Sigmund (D:2)
  A wyvern (D:6)
  Menkaure (D:7)
  2 water moccasins
  Pargi (D:4)
  2 ice beasts (D:6)
  An orc warrior (D:6)
  An ogre (D:4)
  A centaur (D:8)
  A phantom (D:6)
  2 kobold brigands
  3 bullfrogs
  2 gnoll sergeants
  2 scorpions
  3 wights (D:8)
  4 killer bees (D:6)
  3 hounds
  A jelly (D:7)
  2 orc priests
  An iguana (D:6)
  2 sleepcaps
  Natasha (D:2)
  2 orc wizards
  Robin (D:2)
  6 gnolls
  9 adders
  A shadow imp (D:3)
  12 orcs
  7 ball pythons
  11 endoplasms
  2 giant cockroaches
  10 hobgoblins
  3 jackals (D:3)
  3 quokkas (D:1)
  7 bats
  4 frilled lizards
  19 goblins
  14 kobolds
  5 rats
156 creatures vanquished.

Vanquished Creatures (collateral kills)
  Grinder (D:4)
  An ogre (D:5)
  A howler monkey (D:4)
  A hound (D:6)
  An orc priest (D:5)
  3 iguanas (D:5)
  2 orc wizards
  5 gnolls
  3 adders
  7 orcs
  An endoplasm (D:4)
  2 hobgoblins (D:4)
  4 kobolds
32 creatures vanquished.

Vanquished Creatures (others)
  A knight (D:8)
1 creature vanquished.

Grand Total: 189 creatures vanquished

Notes
Turn   | Place    | Note
-------+----------+-------------------------------------------
     0 | D:1      | BigDaddyOpFi the Troll Shapeshifter began the quest for the
                  | Orb.
     0 | D:1      | Reached XP level 1. HP: 18/18 MP: 0/0
    44 | D:1      | Reached skill level 1 in Fighting
   147 | D:1      | Reached XP level 2. HP: 27/27 MP: 1/1
   273 | D:1      | You fall into a shaft and drop 1 floor!
   511 | D:1      | Reached XP level 3. HP: 20/33 MP: 2/2
  1023 | D:2      | Found a faded altar of an unknown god.
  1043 | D:2      | Noticed Sigmund
  1053 | D:2      | Killed Sigmund
  1054 | D:2      | Reached skill level 4 in Shapeshifting
  1054 | D:2      | Reached XP level 4. HP: 25/42 MP: 3/3
  1054 | D:2      | Reached XP level 5. HP: 30/49 MP: 4/4
  1486 | D:2      | Noticed Robin
  1513 | D:2      | Killed Robin
  1751 | D:2      | Noticed Natasha
  1757 | D:2      | Killed Natasha
  1758 | D:2      | Reached XP level 6. HP: 30/57 MP: 5/5
  2039 | D:3      | Found a hazy altar of Hepliaklqana.
  2048 | D:3      | Became a worshipper of Hepliaklqana the Forgotten
  2120 | D:3      | Found a bloodstained altar of Trog.
  2866 | D:3      | Identified the +5 ring mail of the Clam {rF+ rC++ Regen+
                  | Str+3}
  3694 | D:3      | Reached skill level 5 in Shapeshifting
  3914 | D:4      | Reached * piety under Hepliaklqana
  3995 | D:4      | Reached skill level 1 in Invocations
  3995 | D:4      | Reached XP level 7. HP: 41/59 MP: 6/6
  4047 | D:4      | Noticed Grinder
  4047 | D:4      | Paralysed by Grinder for 4 turns
  4059 | D:4      | Killed Grinder
  4274 | D:4      | Noticed Pargi
  4290 | D:4      | Killed Pargi
  4708 | D:5      | Entered Level 5 of the Dungeon
  4708 | D:5      | Found Tedibi's Antique Weapon Shop.
  4798 | D:5      | Reached ** piety under Hepliaklqana
  4800 | D:5      | Remembered your ancestor Imgur-Sin as a knight
  5111 | D:5      | Reached XP level 8. HP: 58/67 MP: 8/8
  5349 | D:5      | Reached skill level 5 in Unarmed Combat
  5349 | D:5      | Reached skill level 6 in Shapeshifting
  5442 | D:5      | Found a shimmering blue altar of Sif Muna.
  5556 | D:5      | Found a staircase to the Ecumenical Temple.
  5870 | D:6      | Identified the of Celuasm
  6012 | D:6      | Gained mutation: Your spells are a little harder to cast,
                  | but a little more powerful. [potion of mutation]
  6012 | D:6      | Gained mutation: You are covered in thick fur. (AC +2)
                  | [potion of mutation]
  6059 | D:6      | Reached *** piety under Hepliaklqana
  6131 | D:6      | Reached skill level 7 in Shapeshifting
  6472 | D:7      | Found an iron altar of Okawaru.
  6480 | D:7      | Reached XP level 9. HP: 75/75 MP: 10/10
  6895 | D:7      | Noticed Menkaure
  6904 | D:7      | Killed Menkaure
  7500 | D:7      | Found a burning altar of Makhleb.
  7500 | D:7      | Found an ornate altar of the Wu Jian Council.
  7500 | D:7      | Found a snail-covered altar of Cheibriados.
  7500 | D:7      | Found a basalt altar of Yredelemnul.
  7501 | D:7      | Found a glowing silver altar of Zin.
  7509 | D:7      | Found a hide-covered altar of Uskayaw.
  7510 | D:7      | Found a stormy altar of Qazlal.
  7511 | D:7      | Found a blossoming altar of Fedhas.
  7511 | D:7      | Found an opulent altar of Gozag.
  7512 | D:7      | Found a sparkling altar of Nemelex Xobeh.
  7630 | D:7      | Reached **** piety under Hepliaklqana
  7808 | D:7      | Noticed Jeremiah
  7813 | D:7      | Killed Jeremiah
  8163 | D:8      | Reached skill level 5 in Dodging
  8166 | D:8      | Reached skill level 8 in Shapeshifting
  8198 | D:8      | Noticed a two-headed ogre
  8217 | D:8      | Killed a two-headed ogre
  8305 | D:8      | Reached skill level 5 in Fighting
  8309 | D:8      | Reached XP level 10. HP: 86/86 MP: 12/12
  8544 | D:8      | HP: 3/86 [gnoll/+0 halberd[a gnoll sergeant] (12)]
  8545 | D:8      | Slain by a gnoll sergeant

Illustrated notes

Levels and vault maps discovered:
D:1:      shiori_arrival_elements, layout_basic, serial_aquarium,
          aquarium_bridge_long_joined [aquarium_subvault_wall,
          aquarium_subvault_bridge, aquarium_subvault_wall,
          aquarium_subvault_wall, aquarium_subvault_wall,
          aquarium_subvault_bridge], aquarium_bridge_square
          [aquarium_subvault_window, aquarium_subvault_balcony,
          aquarium_subvault_window, aquarium_subvault_bridge],
          aquarium_window_fake, aquarium_window_1, aquarium_window_double,
          aquarium_view_2d, minmay_tetromino_i2
D:2:      layout_basic, shapermc_ecumenical_altar_mp_highgroup,
          minmay_goblin_outpost, uniq_robin, uniq_sigmund, uniq_natasha
D:3:      kennysheep_goblin_castle, layout_loops_corners, lemuel_crystal_altar,
          mainiacjoe_overflow_24_doors, grunt_ministairs_3
D:4:      layout_gridville, uniq_grinder, uniq_pargi
D:5:      layout_layer_cave, mainiacjoe_overflow_surrounded_room,
          minmay_temple_entry_glassed_door, nicolae_stop_n_shop_1
D:6:      layout_cave_pools, serial_glass, glass_columns_b, glass_columns_a,
          minmay_misc_feat_hallway
D:7:      layout_basic, overflow_temple_1_default, nicolae_overflows_in_rows,
          minmay_unpleasant_kobolds, uniq_jeremiah, uniq_menkaure
D:8:      layout_basic, serial_rivers, chequers_serial_rivers_micro_c,
          chequers_serial_rivers_room_b, chequers_serial_rivers_room_b,
          chequers_serial_rivers_micro_b, nicolae_shop_i_like_small_books_too,
          grunt_ministairs_9, uniq_pikel
D:9:      layout_long_grid, kennysheep_vampire_church, minmay_misc_feat_pillars

Skill      XL: |  1  2  3  4  5  6  7  8  9 |
---------------+----------------------------+-----
Fighting       | 1 2 3 4 5 |  5.0
Dodging        | 2 3 4 5 |  5.3
Shapeshifting  | 4 5 7 8 |  8.5
Unarmed Combat | 4 5 6 |  6.7
Invocations    | 1 2 3 4 |  4.6

Action                     |  1- 3 |  4- 6 |  7- 9 | 10-12 || total
---------------------------+-------+-------+-------+-------++-------
  Melee: Unarmed           |    79 |   163 |   233 |    31 ||   506
         Punch             |     2 |       |       |       ||     2
 Invoke: Ancestor Life: Kn |       |       |     1 |       ||     1
         Recall Ancestor   |       |       |     2 |       ||     2
  Evoke: Wand              |       |     1 |     4 |       ||     5
    Use: Scroll            |     3 |     2 |    10 |       ||    15
         Potion            |     2 |     2 |     4 |       ||     8
   Stab: Distracted        |       |       |     1 |       ||     1
 Armour: Animal skin       |    60 |   141 |    26 |       ||   227
         Skin              |     4 |       |       |       ||     4
         Troll leather arm |       |       |   208 |    49 ||   257
  Dodge: Dodged            |    59 |   106 |   161 |    30 ||   356
   Form: Flux              |     1 |       |       |       ||     1

Table legend: (Time is in decaauts)
 A = Elapsed time spent in this place.
 B = Non-inter-level travel time spent in this place.
 C = Inter-level travel time spent in this place.
 D = Time resting spent in this place.
 E = Time spent auto-exploring this place.
 F = Levels seen in this place.
 G = Mean time per level.
                   A        B        C        D        E       F      G
               +--------+--------+--------+--------+--------+-----+--------+
         Total |   8504 |   8294 |    210 |   2024 |   4668 |   9 |  944.9 |
       Dungeon |   8504 |   8294 |    210 |   2024 |   4668 |   9 |  944.9 |
               +--------+--------+--------+--------+--------+-----+--------+

Top non-repeatable levels by time:
     D:3: 1564 daAuts
     D:7: 1307 daAuts
     D:5: 1281 daAuts
     D:4: 1250 daAuts
     D:2: 1095 daAuts
     D:6: 836 daAuts
     D:1: 778 daAuts
     D:8: 344 daAuts
     D:9: 45 daAuts
